 Dungeon Crawl Stone Soup version 0.23-a0-296-ga3b1b28 (webtiles) character file.

530 iamserjio the Bolt Thrower (level 7, -2/40 HPs)
             Began as a Kobold Arcane Marksman on Oct 5, 2018.
             Slain by an elf zombie (7 damage)
             ... in an ossuary.
             The game lasted 00:12:23 (4854 turns).

iamserjio the Bolt Thrower (Kobold Arcane Marksman) Turns: 4854, Time: 00:12:24

Health: -2/40      AC:  5    Str:  8 (10) XL:     7   Next: 48%
Magic:  8/8        EV: 16    Int: 13 (14) God:
Gold:   254        SH:  0    Dex: 13 (15) Spells: 2/8 levels left

rFire    + . .     SeeInvis .   C - +0 quarterstaff
rCold    . . .     Gourm    .   (shield currently unavailable)
rNeg     . . .     Faith    .   c - +0 leather armour
rPois    .         Spirit   .   v - +2 hat
rElec    .         Reflect  .   (no cloak)
rCorr    +         Harm     .   (no gloves)
MR       .....                  (no boots)
Stlth    +.........             (no amulet)
HPRegen  0.13/turn              j - ring of protection from fire
MPRegen  0.11/turn              y - ring of resist corrosion

@: no status effects
A: small, carnivore
a: no special abilities


You were in an ossuary.
You were full.

You visited 1 branch of the dungeon, and saw 5 of its levels.
You also visited: Ossuary.

You collected 254 gold pieces.

Inventory:

Hand Weapons
 a - a +0 hand crossbow
 b - a +0 hand axe of freezing
 h - a +0 spear
 q - a +0 blowgun
 s - a +1 short sword of venom
 u - a +0 antimagic dagger
 C - a +0 quarterstaff (weapon)
Missiles
 d - 14 bolts
 r - 36 poisoned needles
Armour
 c - a +0 leather armour (worn)
 e - a +0 robe
 v - a +2 hat (worn)
Jewellery
 j - a ring of protection from fire (left hand)
 y - a ring of resist corrosion (right hand)
 z - an uncursed amulet of the gourmand {unknown}
 A - an uncursed ring of ice
Scrolls
 i - 2 scrolls of magic mapping {unknown}
 l - 2 scrolls of enchant weapon {unknown}
 m - 2 scrolls of amnesia {unknown}
 n - 2 scrolls of remove curse {@r2}
 o - a scroll of identify {unknown}
 p - 2 scrolls of enchant armour {unknown}
 x - a scroll of teleportation {unknown}
Potions
 g - a potion of might {unknown}
 k - 2 potions of mutation {unknown}
 t - 3 potions of degeneration
 B - a potion of curing {unknown}
Comestibles
 f - 9 rations


   Skills:
 + Level 2.1 Fighting
 + Level 1.9 Short Blades
 * Level 7.1 Crossbows
 + Level 5.2 Dodging
 - Level 1.3 Spellcasting
 - Level 3.1 Hexes


You had 2 spell levels left.
You knew the following spells:

 Your Spells              Type           Power        Failure   Level  Hunger
a - Corona                Hex            #......      11%         1    ##.....
b - Slow                  Hex            #.......     17%         2    ###....
c - Portal Projectile     Hex/Tloc       #.....       54%         3    ####...

Your spell library contained the following spells:

 Spells                   Type           Power        Failure   Level  Hunger
 Inner Flame              Hex/Fire       #.......     54%         3    ####...
 Cause Fear               Hex            #.........   73%         4    #####..
 Leda's Liquefaction      Hex/Erth       #.........   91%         4    #####..


Dungeon Overview and Level Annotations

Branches:
Dungeon (5/15)
 Temple: D:4-7

Altars:
Cheibriados
Qazlal
Sif Muna


Innate Abilities, Weirdness & Mutations

You are small and have problems with some larger weapons.
You are carnivorous and can eat meat at any time.


Message History

d - 5 bolts (gained 1)
You see here 9 bolts.
d - 14 bolts (gained 9) It was a potion of degeneration.
There was something very wrong with that liquid.
You feel weakened.
You feel dopey.
You feel clumsy.
You closely miss the elf zombie. The elf zombie closely misses you.
You barely miss the elf zombie. The elf zombie hits you.
You hit the elf zombie. The elf zombie hits you.
You closely miss the elf zombie.
The elf zombie hits you but does no damage.
You sock the elf zombie! The elf zombie misses you.
You closely miss the elf zombie. The elf zombie hits you.
You hit the elf zombie. The elf zombie misses you.
You hit the elf zombie. The elf zombie hits you.
* * * LOW HITPOINT WARNING * * *
The elf zombie hits you!
* * * LOW HITPOINT WARNING * * *
You barely miss the elf zombie. The elf zombie hits you!
You die...

#........8.Z8.Z.ZZ.
#......Z....Z.M....
#...######..######M
#...# #..# #. #...#
#..# #. #...# #..#
#. #...# .... #.
#...# ##.... #.
#.@.# #.... #.
#.Z.# #..... #.
#.M.# #. #...# #.
#...# #. #...# #.
#...##############.
#.....Z............
#.........∩∩.......


You could see a mummy and an elf zombie.

Vanquished Creatures
  An elf zombie (Ossuary)
  A bullfrog zombie (D:5)
  A human zombie (Ossuary)
  An orc priest (D:5)
  2 hounds
  A bullfrog skeleton (D:4)
  A worker ant (D:2)
  A big kobold zombie (Ossuary)
  3 adders
  8 gnolls
  2 oozes
  An adder zombie (Ossuary)
  2 worms (D:3)
  2 dart slugs
  3 leopard geckos
  8 giant cockroaches
  6 hobgoblins
  18 jackals
  5 quokkas
  A ball python (D:3)
  A ball python skeleton (D:4)
  9 bats
  6 frilled lizards
  7 goblins
  11 hobgoblin zombies (Ossuary)
  A jackal zombie (Ossuary)
  4 kobolds
  9 kobold zombies (Ossuary)
  3 orc zombies (Ossuary)
  6 rats
  3 rat zombies (Ossuary)
128 creatures vanquished.

Notes
Turn   | Place    | Note
-------+----------+-------------------------------------------
     0 | D:1      | iamserjio the Kobold Arcane Marksman began the quest for
                  | the Orb.
     0 | D:1      | Reached XP level 1. HP: 12/12 MP: 2/2
   173 | D:1      | Reached XP level 2. HP: 13/16 MP: 3/3
   380 | D:1      | Reached skill level 3 in Crossbows
   445 | D:1      | Reached XP level 3. HP: 19/20 MP: 4/4
   733 | D:2      | Learned a level 2 spell: Slow
   890 | D:2      | Reached XP level 4. HP: 19/25 MP: 5/5
   970 | D:2      | Reached skill level 4 in Crossbows
  1715 | D:2      | Reached XP level 5. HP: 29/29 MP: 6/6
  1964 | D:3      | Reached skill level 5 in Crossbows
  1969 | D:3      | Found a stormy altar of Qazlal.
  2381 | D:3      | Found a faded altar of an unknown god.
  2737 | D:3      | Reached XP level 6. HP: 28/34 MP: 7/7
  3267 | D:4      | Found a deep blue altar of Sif Muna.
  3366 | D:4      | Reached skill level 6 in Crossbows
  3546 | D:4      | Found a snail-covered altar of Cheibriados.
  4015 | D:4      | Learned a level 3 spell: Portal Projectile
  4032 | D:5      | Entered Level 5 of the Dungeon
  4091 | D:5      | Reached skill level 5 in Dodging
  4091 | D:5      | Reached XP level 7. HP: 16/39 MP: 8/8
  4093 | D:5      | Found a sand-covered staircase.
  4124 | Ossuary  | Entered an ossuary
  4301 | Ossuary  | Reached skill level 1 in Short Blades
  4768 | Ossuary  | Reached skill level 7 in Crossbows
  4854 | Ossuary  | Slain by an elf zombie

Vault maps used:
D:1:      roderic_dead_forest
D:2:      minmay_tetromino_t2
D:3:      old_standard_altar, chequers_ecumenical_altar_grove
D:4:      cheibriados_altar_1, kennysheep_cross_room, lemuel_blue_sif_altar
D:5:      lemuel_round_altar, elyvilon_altar_1, enter_ossuary_1, first_ration
Ossuary:  ossuary_tomb_1

Skill      XL: |  1  2  3  4  5  6  7 |
---------------+----------------------+-----
Crossbows      | 3 4 5 6 7 |  7.1
Dodging        | 3 4 5 |  5.2
Short Blades   | 1 |  1.9
Fighting       | 2 |  2.1
Spellcasting   | |  1.3
Hexes          | |  3.1

Action                   |  1- 3 |  4- 6 |  7- 9 || total
-------------------------+-------+-------+-------++-------
Melee: Hand axe          |       |    84 |       ||    84
       Short sword       |       |     6 |       ||     6
       Quarterstaff      |       |       |   102 ||   102
 Fire: Hand crossbow     |    81 |   127 |    32 ||   240
 Cast: Slow              |       |       |     1 ||     1
  Use: Scroll            |       |     1 |       ||     1
       Potion            |       |       |     1 ||     1
 Stab: Sleeping          |       |     1 |       ||     1
  Eat: Chunk             |     8 |    10 |       ||    18
Armor: Robe              |     7 |    23 |       ||    30
       Leather armour    |       |    11 |    49 ||    60
Dodge: Dodged            |    44 |   162 |   148 ||   354

Table legend:
 A = Non-vault XP
 B = Vault XP
 C = Vault XP percentage of total XP
 D = Non-vault monster count
 E = Vault monster count
 F = Vault count percentage of total count
                 A         B        C        D         E       F
            +---------+---------+-------+---------+---------+-------
      Total |     551 |     207 |  27.3 |      95 |      33 |  25.8
            +---------+---------+-------+---------+---------+-------
        D:1 |      46 |       0 |   0.0 |      20 |       0 |   0.0
        D:2 |     124 |       4 |   3.1 |      28 |       2 |   6.7
        D:3 |     118 |       0 |   0.0 |      29 |       0 |   0.0
        D:4 |     173 |       0 |   0.0 |      16 |       0 |   0.0
        D:5 |      90 |       0 |   0.0 |       2 |       0 |   0.0
    Ossuary |       0 |     203 | 100.0 |       0 |      31 | 100.0
            +---------+---------+-------+---------+---------+-------
